 Dungeon Crawl Stone Soup version 0.30-a0-782-ge64f9170bb (webtiles) character file.

Game seed: 10659218940720328593

2050 senseless the Conjurer (level 8, 0/57 HPs)
             Began as a Demigod Conjurer on Mar 18, 2023.
             Slain by Prince Ribbit (6 damage)
             ... on level 6 of the Dungeon.
             The game lasted 00:18:29 (7342 turns).

senseless the Conjurer (Demigod Conjurer)           Turns: 7342, Time: 00:18:30

Health: 0/57       AC:  5    Str:  8    XL:     8   Next: 75%
Magic:  16/20      EV: 14    Int: 28    God:
Gold:   358        SH:  0    Dex: 12    Spells: 15/18 levels left

rFire   . . .      SeeInvis .    o - +4 falchion (vamp)
rCold   . . .      Faith    .    (no shield)
rNeg    . . .      Spirit   .    a - +0 robe
rPois   +          Reflect  .    i - +0 hat {Stlth+}
rElec   .          Harm     .    (no cloak)
rCorr   .          Rampage  .    j - +0 pair of gloves
Will    .....                    (no boots)
Stlth   +++                      (no amulet)
HPRegen 0.29/turn                d - ring of poison resistance
MPRegen 0.17/turn                (no ring)

@: unable to read, unable to drink
A: high MP 1, forlorn, divine attributes, horns 1, iridescent scales 1,
screaming 1, inability to drink after injury 1, inability to read after injury 1
a: no special abilities


You were on level 6 of the Dungeon.
You visited 1 branch of the dungeon, and saw 6 of its levels.

You collected 358 gold pieces.

Inventory:

Hand Weapons
 f - a +4 whip
 o - a +4 vampiric falchion (weapon)
 t - a +2 heavy trident
 v - a +3 dagger
Armour
 a - a +0 robe (worn)
 i - a +0 hat of stealth (worn)
 j - a +0 pair of gloves (worn)
 n - a +0 helmet
Jewellery
 d - a ring of poison resistance (left hand)
Wands
 s - a wand of charming (14)
Scrolls
 l - a scroll of enchant armour {unknown}
 p - a scroll of enchant weapon
 q - 3 scrolls of immolation {unknown}
 r - a scroll of brand weapon {unknown}
 u - a scroll of identify
Potions
 b - a potion of magic
 c - a potion of heal wounds {unknown}
 e - 2 potions of berserk rage
 g - 3 potions of curing
 h - 2 potions of lignification {unknown}
 k - a potion of brilliance {unknown}
 m - a potion of resistance {unknown}
 w - a potion of might {unknown}


   Skills:
 + Level 6.4 Dodging
 - Level 1.7 Stealth
 + Level 5.9 Spellcasting
 + Level 7.3 Conjurations


You had 15 spell levels left.
You knew the following spells:

 Your Spells              Type           Power      Damage    Failure   Level
a - Magic Dart            Conj           100%       1d8       1%          1
b - Searing Ray           Conj           98%        2d8       1%          2

Your spell library contained the following spells:

 Spells                   Type           Power      Damage    Failure   Level
 Dazzling Flash           Conj/Hex       56%        N/A       4%          3
 Apportation              Tloc           16%        N/A       6%          1
 Necrotise                Necr           32%        1d5       6%          1
 Summon Small Mammal      Summ           32%        N/A       6%          1
 Fulminant Prism          Conj/Hex       14%        3d9       14%         4
 Iskenderun's Mystic Bla  Conj/Tloc      28%        2d7       14%         4


Dungeon Overview and Level Annotations

Branches:
Dungeon (6/15)
 Temple: D:4-7

Shops:
D:4 (   D:5 :

Annotations:
D:5 2 runed translucent doors, mopl's ghost, amateur DrEE
D:6 Prince Ribbit


Innate Abilities, Weirdness & Mutations

You have an increased reservoir of magic. (+10% MP)
You shall have no god before yourself.
Your divine heritage dramatically boosts your attributes as you level up.
You have a pair of small horns on your head.
You are partially covered in iridescent scales. (AC +2)
You occasionally shout uncontrollably at your foes.
You occasionally lose the ability to drink potions when taking damage.
You occasionally lose the ability to read scrolls when taking damage.


Message History

Prince Ribbit croaks. (Press . to maintain the ray.)
You hear an angry hiss. x2; You hear an angry growl.
You hear a shout!
You hear a roar!
A water moccasin comes into view.
You hear an angry hiss.
You hear a bark!
The searing ray hits Prince Ribbit!
Prince Ribbit is heavily wounded.
You hear an angry growl.
The water moccasin barely misses you. The water moccasin bites you!
You are poisoned.
The water moccasin poisons you!
You hear a shout!
You hear an angry hiss.
You hear a shout!
You hear an angry hiss. x2
The searing ray hits Prince Ribbit!
Prince Ribbit is severely wounded.
You feel very sick.
The water moccasin bites you but does no damage.
Prince Ribbit hits you!
The searing ray misses Prince Ribbit.
You finish channelling your searing ray.
You feel very sick. The water moccasin closely misses you.
Prince Ribbit blinks!
The water moccasin bites you but does no damage.
You feel sick.
Prince Ribbit blinks!
Prince Ribbit attacks as you move away! Prince Ribbit hits you!!
You feel threatened and lose the ability to read scrolls!
* * * LOW HITPOINT WARNING * * *
x2 You feel sick.
A wyvern comes into view.
You feel better.
You can read scrolls again.
Prince Ribbit hits you!
You feel threatened and lose the ability to read scrolls!
You feel threatened and lose the ability to drink potions!
* * * LOW HITPOINT WARNING * * *
Prince Ribbit hits you but does no damage.
An acid dragon comes into view.
Prince Ribbit attacks as you move away! Prince Ribbit hits you.
You die...

## # # #. #..### #
#..D.####..#
######### #......#
##.......#
##l########...#.#...
#F#####....#.....#.
#.@..........#.#...
########.#.........
#...#.....#.
#.#...._....
####...#.....#.
#..#.#.........
#........#.#...
#......#.....#.
####.####...#.#...


You could see Prince Ribbit, a wyvern and an acid dragon (wandering).

Vanquished Creatures
  Grinder (D:5)
  Menkaure (D:6)
  A sky beast (D:5)
  2 black bears
  An ogre (D:5)
  2 centaurs (D:6)
  A phantom (D:5)
  4 scorpions
  2 necrophages
  A howler monkey (D:5)
  4 orc priests
  5 hounds
  2 jellies
  3 iguanas
  5 orc wizards
  Robin (D:3)
  3 gnolls (D:2)
  6 adders
  A shadow imp (D:5)
  An ufetubus (D:5)
  A worm (D:4)
  4 dart slugs
  12 orcs
  5 bats
  5 endoplasms
  4 giant cockroaches
  16 goblins
  11 hobgoblins
  4 jackals (D:2)
  2 quokkas
  2 ball pythons
  9 kobolds
  5 rats
127 creatures vanquished.

Notes
Turn   | Place    | Note
-------+----------+-------------------------------------------
     0 | D:1      | senseless the Demigod Conjurer began the quest for the Orb.
     0 | D:1      | Reached XP level 1. HP: 14/14 MP: 5/5
   353 | D:1      | Reached XP level 2. HP: 20/20 MP: 4/7
   803 | D:1      | Learned a level 2 spell: Searing Ray
  1553 | D:2      | Reached skill level 4 in Conjurations
  1553 | D:2      | Reached XP level 3. HP: 24/26 MP: 2/9
  2445 | D:3      | Reached XP level 4. HP: 33/33 MP: 6/10
  2865 | D:3      | Reached XP level 5. HP: 38/38 MP: 9/12
  2946 | D:3      | Noticed Robin
  2950 | D:3      | Killed Robin
  3799 | D:4      | Found Bock's Weapon Shoppe.
  3852 | D:4      | Gained mutation: You are partially covered in iridescent
                  | scales. (AC +2) [potion of mutation]
  3852 | D:4      | Gained mutation: You have hidden genetic defects. [potion
                  | of mutation]
  3852 | D:4      | Gained mutation: You occasionally shout uncontrollably at
                  | your foes. [potion of mutation]
  3852 | D:4      | Gained mutation: You have a pair of small horns on your
                  | head. [potion of mutation]
  3957 | D:4      | Reached skill level 5 in Conjurations
  3957 | D:4      | Reached XP level 6. HP: 45/45 MP: 4/14
  4603 | D:5      | Entered Level 5 of the Dungeon
  4611 | D:5      | Gained mutation: You occasionally lose the ability to drink
                  | potions when taking damage. [hidden defects]
  4810 | D:5      | Gained mutation: You occasionally lose the ability to read
                  | scrolls when taking damage. [hidden defects]
  4810 | D:5      | Lost mutation: You have hidden genetic defects. [hidden
                  | defects expressed]
  4837 | D:5      | Noticed Grinder
  4842 | D:5      | Paralysed by Grinder for 2 turns
  4843 | D:5      | Reached XP level 7. HP: 29/50 MP: 8/16
  4868 | D:6      | Noticed Menkaure
  5089 | D:5      | Reached skill level 5 in Dodging
  5089 | D:5      | Reached skill level 6 in Conjurations
  5282 | D:5      | Found Oskexoge's Self-Improvement Boutique.
  5344 | D:5      | Paralysed by Grinder for 3 turns
  5555 | D:5      | Killed Grinder
  5571 | D:5      | Reached skill level 5 in Spellcasting
  5571 | D:5      | Reached XP level 8. HP: 43/57 MP: 7/19
  6252 | D:5      | Found a large runed translucent door.
  6252 | D:5      | Found a large runed translucent door.
  6254 | D:5      | Noticed mopl's ghost (amateur DrEE)
  6412 | D:6      | Killed Menkaure
  6637 | D:6      | Reached skill level 7 in Conjurations
  7333 | D:6      | Noticed Prince Ribbit
  7342 | D:6      | Slain by Prince Ribbit

Illustrated notes

Levels and vault maps discovered:
D:1:      giann_horns, layout_basic
D:2:      layout_basic
D:3:      cheibrodos_greedy_goblins, layout_basic,
          chequers_ecumenical_altar_grove, uniq_robin
D:4:      layout_cave_pools, serial_shops, shop
D:5:      layout_basic, ebering_ghost_disaster_area,
          chequers_serial_rivers_marsh, minmay_misc_feat_pillars,
          nicolae_shop_self_help, uniq_grinder
D:6:      layout_loops_ring, regret_index_temple_of_mockery,
          nicolae_vehumet_radiance, minmay_alternating_orb, uniq_menkaure,
          uniq_prince_ribbit1, uniq_crazy_yiuf_cottage

Skill      XL: |  1  2  3  4  5  6  7  8 |
---------------+-------------------------+-----
Dodging        | 2 3 4 5 6 |  6.4
Spellcasting   | 2 3 4 5 |  5.9
Conjurations   | 4 5 6 7 |  7.3
Stealth        | |  1.7

Action                     |  1- 3 |  4- 6 |  7- 9 || total
---------------------------+-------+-------+-------++-------
  Melee: Dagger            |     4 |    20 |       ||    24
         Whip              |       |    12 |       ||    12
         Falchion          |       |    10 |    14 ||    24
         Headbutt          |       |     1 |     1 ||     2
   Cast: Magic Dart        |    73 |   145 |   102 ||   320
         Searing Ray       |     3 |     5 |    16 ||    24
    Use: Scroll            |     3 |     7 |       ||    10
         Potion            |       |     1 |     1 ||     2
 Armour: Robe              |     4 |    11 |    20 ||    35
  Dodge: Dodged            |     9 |    40 |    43 ||    92

Table legend: (Time is in decaauts)
 A = Elapsed time spent in this place.
 B = Non-inter-level travel time spent in this place.
 C = Inter-level travel time spent in this place.
 D = Time resting spent in this place.
 E = Time spent auto-exploring this place.
 F = Levels seen in this place.
 G = Mean time per level.
                   A        B        C        D        E       F      G
               +--------+--------+--------+--------+--------+-----+--------+
         Total |   7353 |   7126 |    227 |    783 |   5444 |   6 | 1225.5 |
       Dungeon |   7353 |   7126 |    227 |    783 |   5444 |   6 | 1225.5 |
               +--------+--------+--------+--------+--------+-----+--------+

Top non-repeatable levels by time:
     D:5: 1825 daAuts
     D:2: 1526 daAuts
     D:3: 1286 daAuts
     D:4: 1150 daAuts
     D:1: 803 daAuts
     D:6: 760 daAuts
